AoeStats
← Echo

Arena

510342788Analyzed
1v1 RM · 13h ago on Sep 30, 2026· 43m 10s· 2 players
Game mode
Random Map
Map size
Tiny (2 player)
Population
200
Speed
Normal
Resources
Standard
Victory
Conquest
Starting age
Dark Age
Ending age
Imperial Age
RankedLock teamsTeams togetherTeam positionsShared explorationLock speedFull tech treeHidden civsTurbo modeCheats
Victory
Defeat
🇨🇳 Byzantines · China
1195
+15
🇵🇹 Turks · Portugal
1165
-15
bixo
11:55 Feudal Age
13:32 Gold Mining
13:29 Double-Bit Axe
13:38 Horse Collar
16:16 Castle Age
21:00 Imperial Age
19:29 Bow Saw
28:59 Forging
30:16 Gold Shaft Mining
34:51 Bloodlines
34:48 Scale Barding Armor
35:19 Iron Casting
35:06 Loom
39:04 Heavy Plow
39:40 Wheelbarrow
38:51 Town Watch
41:02 Chain Barding Armor
41:19 Husbandry
41:51 Murder Holes
Echo
9:42 Feudal Age
13:24 Castle Age
11:33 Double-Bit Axe
19:33 Bow Saw
19:06 Horse Collar
21:02 Wheelbarrow
21:05 Fletching
21:15 Padded Archer Armor
21:29 Crossbowman
22:45 Thumb Ring
23:41 Hand Cart
24:27 Ballistics
24:22 Bodkin Arrow
24:43 Leather Archer Armor
25:07 Loom
28:31 Husbandry
28:52 Forging
28:48 Scale Barding Armor
35:27 Gold Mining
36:13 Heavy Plow
37:02 Iron Casting
36:47 Chain Barding Armor
39:16 Imperial Age
37:43 Gold Shaft Mining
37:01 Stone Mining
38:24 Chain Barding Armor
39:58 Stone Shaft Mining
39:26 Treadmill Crane
41:07 Chemistry
39:33 Heavy Camel Rider
40:27 Guilds
40:55 Plate Barding Armor
40:23 Bracer
40:53 Ring Archer Armor
40:45 Conscription
40:40 Arbalester
42:06 Hoardings
40:57 Capped Ram
41:29 Cavalier
42:49 Paladin
Connection lost

Rejoining the realm…

Still unreachable

The connection could not be restored.

Session expired

The server has moved on; the page needs a fresh start.